 Dungeon Crawl Stone Soup version 0.30.1 (webtiles) character file.

Game seed: 11633694069120646825

44798 Graphine the Basher (level 13, -1/120 HPs)
             Began as an Armataur Fighter on July 7, 2023.
             Was an Initiate of Gozag.
             Slain by a seven-headed hydra (9 damage)
             ... on level 4 of the Lair of Beasts.
             The game lasted 00:55:31 (21553 turns).

Graphine the Basher (Armataur Fighter)             Turns: 21553, Time: 00:55:31

Health: -1/120     AC: 19    Str: 40    XL:     13   Next: 98%
Magic:  16/16      EV:  9    Int: 16    God:    Gozag
Gold:   1927       SH: 22    Dex: 10    Spells: 14/16 levels left

rFire   . . .        o - +6 spear "Pavori" {venom, Str+7}
rCold   . . .        f - +1 tower shield
rNeg    + . .        U - +5 ring mail of Past Mistakes {rElec rPois}
rPois   +            H - +1 hat "Dioj" {Drain rN+ Int+6 Stlth-}
rElec   +            M - +0 cloak
rCorr   .            I - +2 pair of gloves of Polish {*Slow rPois Int+2}
SInv    .            (no barding)
Will    .....        r - amulet of reflection Stlth
                     j - ring of poison resistance
HPRegen 0.40/turn    J - +6 ring of strength
MPRegen 0.15/turn

%: slow self (1%), reflection, roll
@: slowed, invisible, very slow
A: large, rugged brown scales 3, deformed body, armoured tail, roll, long
tongue, awkward tongue
a: Renounce Religion, Potion Petition, Call Merchant, Bribe Branch


You were on level 4 of the Lair of Beasts.
You worshipped Gozag.
Gozag was most pleased with you.
You visited 3 branches of the dungeon, and saw 18 of its levels.

You collected 4351 gold pieces.
You spent 1058 gold pieces at shops.
You paid 1366 gold pieces to Gozag.

Inventory:

Hand Weapons
 a - a +0 heavy flail
 i - a +1 antimagic dagger
 n - the +9 sling of Iconoclasm {antimagic, +Blink}
   (You found it on level 4 of the Dungeon)

   +Blink:    It lets you blink.
 o - the +6 spear "Pavori" (weapon) {venom, Str+7}
   (You found it on level 3 of the Dungeon)

   Str:       It affects your strength (+7).
 x - a +3 flail
Missiles
 t - 4 throwing nets
Armour
 f - a +1 tower shield (worn)
 m - a +0 pair of gloves
 H - the +1 hat "Dioj" (worn) {Drain rN+ Int+6 Stlth-}
   (You bought it in a shop on level 7 of the Dungeon)

   Int:       It affects your intelligence (+6).
   rN:        It protects you from negative energy.
   Drain:     It drains your maximum health when unequipped.
   Stlth:     It makes you less stealthy.
 I - the +2 pair of gloves of Polish (worn) {*Slow rPois Int+2}
   (You bought it in a shop on level 7 of the Dungeon)

   Int:       It affects your intelligence (+2).
   rPois:     It protects you from poison.
   *Slow:     It may slow you when you take damage.
 M - a +0 cloak (worn)
 S - a +2 troll leather armour
 U - the +5 ring mail of Past Mistakes (worn) {rElec rPois}
   (You found it on level 13 of the Dungeon)

   rElec:     It insulates you from electricity.
   rPois:     It protects you from poison.
Magical Staves
 p - a staff of fire
 A - a staff of poison
Jewellery
 j - a ring of poison resistance (left hand)
 r - an amulet of reflection (around neck)
 C - a ring of wizardry
 J - a +6 ring of strength (right hand)
 P - a +6 ring of intelligence
 T - a ring of resist corrosion
 X - a +5 ring of evasion
Wands
 q - a wand of polymorph (11)
 y - a wand of digging (11)
 z - a wand of light (5)
 B - a wand of flame (10)
 G - a wand of iceblast (17)
 K - a wand of mindburst (6)
Scrolls
 g - 10 scrolls of teleportation
 s - 3 scrolls of vulnerability
 u - 3 scrolls of fear
 v - 4 scrolls of fog
 E - 2 scrolls of amnesia
 F - a scroll of magic mapping
 N - 7 scrolls of identify
 O - a scroll of immolation
 W - a scroll of silence
Potions
 d - a potion of might
 e - a potion of haste
 h - 5 potions of attraction
 k - 5 potions of curing
 w - 3 potions of flight
 D - a potion of mutation
 L - 3 potions of lignification
 Q - 3 potions of cancellation
 R - a potion of magic
 V - 2 potions of berserk rage
Miscellaneous
 c - a phial of floods


   Skills:
 - Level 10.0 Fighting
 * Level 13.6 Maces & Flails
 - Level 4.0 Polearms
 + Level 12.9 Armour
 - Level 5.0 Dodging
 + Level 11.9 Shields
 - Level 2.0 Spellcasting


You had 14 spell levels left.
You knew the following spells:

 Your Spells              Type           Power      Damage    Failure   Level
a - Passwall              Tmut/Erth      0%         N/A       61%         2

Your spell library contained the following spells:

 Spells                   Type           Power      Damage    Failure   Level
 Apportation              Tloc           2%         N/A       45%         1
 Foxfire                  Conj/Fire      4%         2x1d4     45%         1
 Freeze                   Ice            4%         1d3       45%         1
 Magic Dart               Conj           4%         1d3       45%         1
 Necrotise                Necr           4%         1d4       45%         1
 Sandblast                Erth           2%         2d4       45%         1
 Sting                    Tmut/Pois      4%         1d3       45%         1
 Summon Small Mammal      Summ           4%         N/A       45%         1
 Call Imp                 Summ           2%         N/A       61%         2
 Ensorcelled Hibernation  Hex/Ice        2%         N/A       61%         2
 Poisonous Vapours        Pois/Air       2%         N/A       61%         2
 Searing Ray              Conj           2%         2d4       61%         2
 Sublimation of Blood     Necr           1%         N/A       61%         2
 Frozen Ramparts          Ice            2%         1d1       83%         3
 Hailstorm                Conj/Ice       1%         3d3       83%         3
 Inner Flame              Hex/Fire       1%         N/A       83%         3
 Mephitic Cloud           Conj/Pois/Air  1%         N/A       83%         3
 Spider Form              Tmut/Pois      1%         N/A       83%         3
 Stone Arrow              Conj/Erth      2%         3d7       83%         3
 Summon Guardian Golem    Hex/Summ       1%         N/A       83%         3
 Swiftness                Air            1%         N/A       83%         3
 Vhi's Electric Charge    Tloc/Air       2%         N/A       83%         3
 Volatile Blastmotes      Fire/Tloc      2%         2d10      83%         3
 Anguish                  Hex/Necr       0%         N/A       99%         4
 Animate Armour           Summ/Erth      2%         N/A       99%         4
 Flame Wave               Conj/Fire      1%         2d4       99%         4
 Fulminant Prism          Conj/Hex       0%         3d5       99%         4
 Iskenderun's Mystic Bla  Conj/Tloc      1%         2d3       99%         4
 Olgreb's Toxic Radiance  Pois           1%         N/A       99%         4
 Petrify                  Tmut/Erth      1%         N/A       99%         4
 Sticky Flame             Conj/Fire      1%         2d3       99%         4
 Summon Ice Beast         Ice/Summ       1%         N/A       99%         4
 Arcjolt                  Conj/Air       0%         1d10      100%        5
 Fireball                 Conj/Fire      0%         3d3       100%        5
 Irradiate                Conj/Tmut      0%         3d11      100%        5
 Lee's Rapid Deconstruct  Erth           0%         3d4*      100%        5
 Summon Mana Viper        Hex/Summ       1%         N/A       100%        5
 Plasma Beam              Fire/Air       0%         2x1d11    100%        6
 Starburst                Conj/Fire      0%         6d3       100%        6
 Monstrous Menagerie      Summ           0%         N/A       100%        7
 Orb of Destruction       Conj           0%         9d5       100%        7
 Spellforged Servitor     Conj/Summ      0%         N/A       100%        7
 Simulacrum               Ice/Necr       Unusable   N/A       N/A         6

Dungeon Overview and Level Annotations

Branches:
Dungeon (13/15)            Temple (1/1) D:5            Lair (4/5) D:10
 Shoals (0/4) Lair:3       Spider (0/4) Lair:2          Orc (0/2) D:12
 Vaults (0/5) D:13
  Slime: Lair:4-5

Altars:
Ashenzari
Cheibriados
Dithmenos
Elyvilon
Fedhas
Gozag
Hepliaklqana
Kikubaaqudgha
Makhleb
Nemelex Xobeh
Okawaru
Qazlal
Ru
Sif Muna
Trog
Uskayaw
Vehumet
Wu Jian
Xom
Yredelemnul
Zin
The Shining One

Shops:
D:7 [


Innate Abilities, Weirdness & Mutations

You are completely covered in rugged brown scales. (AC +3, +7% HP)
Armour fits poorly on your strangely shaped body.
You have a long armoured tail.
You roll when moving toward enemies. (Rampage)
Your long tongue fully drains potion bottles. (2x potion effects)
Your tongue gives you trouble enunciating. (1.5x scroll delay)


Message History

Aim: a seven-headed hydra (severely wounded, poisoned, about 16% to evade the +6 spear "Pavori")
Okay, then.
Reach: o) +6 spear "Pavori" {venom, Str+7}
Press: ? - help, Dir - move target, f/p - seven-headed hydra
Aim: a seven-headed hydra (severely wounded, poisoned, about 16% to evade the +6 spear "Pavori")
You hit the seven-headed hydra.
The seven-headed hydra is almost dead.
You block the blink frog's attack. The seven-headed hydra bites you.
* * * LOW HITPOINT WARNING * * *
The seven-headed hydra bites you but does no damage.
The seven-headed hydra bites you.
* * * LOW HITPOINT WARNING * * *
You feel as though you will be slow longer.
The seven-headed hydra bites you but does no damage.
You block the seven-headed hydra's attack. x2
The seven-headed hydra bites you.
* * * LOW HITPOINT WARNING * * *
The blink frog hits you but does no damage.
The seven-headed hydra bites you.
* * * LOW HITPOINT WARNING * * *
The seven-headed hydra barely misses you.
The seven-headed hydra bites you.
* * * LOW HITPOINT WARNING * * *
The seven-headed hydra bites you but does no damage. x2
You block the seven-headed hydra's attack.
The seven-headed hydra bites you but does no damage.
You fade into invisibility!
You slurp down every last drop of the potion of invisibility!
The blink frog blinks!
You block the seven-headed hydra's attack. x3
The seven-headed hydra bites you!
* * * LOW HITPOINT WARNING * * *
You block the seven-headed hydra's attack.
The seven-headed hydra closely misses you. x2
Press: ? - help, v - describe, . - travel The floor.
There is a cloud of translocational energy here.
The seven-headed hydra bites you!
You die...
Your body crumbles into a pile of gold.

........## .........#
.... ## ........###
...####.## ..........#
#...#...P# .....§..P##
........# .........P###
##.......#
............###........##
.....#.#.....##.........#
.....####.....#.@§.(.....
...### #.........D..F...#
..# #.........#.!.....#
#. #...........#........
...........###.......
...........# #.....#
............ #...#.
.......F....# .#.#
............. ####


You could see a seven-headed hydra (unable to see you, poisoned) and 2 blink
frogs.

Vanquished Creatures
  Gastronok (Lair:1)
  A fire dragon (D:13)
  A catoblepas (Lair:1)
  A vault guard (D:13)
  2 hydras
  Erica (D:8)
  A two-headed ogre (D:10)
  A skyshark (Lair:4)
  3 skeletal warriors (D:13)
  Pikel (D:8)
  2 oklob plants (Lair:3)
  3 ugly things
  A manticore (D:8)
  A cyclops (D:10)
  9 elephants
  A merfolk siren (Lair:3)
  A gargoyle (D:11)
  3 black mambas
  Maggie (D:8)
  An unseen horror (D:13)
  A kobold demonologist (D:12)
  Psyche (D:8)
  7 cane toads
  3 rime drakes
  6 komodo dragons
  2 polar bears
  6 trolls
  2 merfolk (D:13)
  3 meliai (D:13)
  9 blink frogs
  A hornet (D:11)
  Prince Ribbit (D:5)
  5 dream sheep (Lair:4)
  8 slime creatures (D:13)
  A shadow (D:11)
  4 wyverns
  33 yaks
  3 wraiths
  3 basilisks
  A fire bat (shapeshifter) (D:8)
  2 vampire mosquitoes (D:13)
  5 steam dragons
  A redback (Lair:2)
  2 acid dragons
  10 water moccasins
  Duvessa (D:7)
  8 orc warriors
  3 black bears
  An ogre (D:5)
  4 boggarts (Lair:3)
  A wolf (shapeshifter) (D:8)
  19 wolves
  A phantom (D:7)
  8 centaurs
  3 lemures (D:8)
  8 bullfrogs
  4 scorpions
  23 wights
  5 killer bees (D:9)
  Dowan (D:7)
  4 electric eels
  3 howler monkeys
  6 hounds
  17 orc priests
  2 jellies (D:5)
  4 sleepcaps
  Jessica (D:2)
  2 gnoll boudas
  9 iguanas
  6 hell rats (Lair:1)
  20 orc wizards
  Robin (D:2)
  27 gnolls
  8 adders
  A shadow imp (D:5)
  A white imp (D:6)
  74 orcs
  7 endoplasms
  3 giant cockroaches
  12 goblins
  9 hobgoblins
  16 jackals
  3 quokkas
  10 ball pythons
  7 bats
  6 frilled lizards
  7 kobolds
  9 rats
521 creatures vanquished.

Vanquished Creatures (others)
  An orc wizard (D:6)
  2 orcs
3 creatures vanquished.

Grand Total: 524 creatures vanquished

Notes
Turn   | Place    | Note
-------+----------+-------------------------------------------
     0 | D:1      | Graphine the Armataur Fighter began the quest for the Orb.
     0 | D:1      | Reached XP level 1. HP: 19/19 MP: 1/1
   169 | D:1      | Reached skill level 2 in Maces & Flails
   193 | D:1      | Reached XP level 2. HP: 21/26 MP: 2/2
   257 | D:1      | Found a faded altar of an unknown god.
  1030 | D:2      | Noticed Robin
  1039 | D:2      | Reached XP level 3. HP: 32/33 MP: 3/3
  1067 | D:2      | Reached XP level 4. HP: 32/40 MP: 4/4
  1073 | D:2      | Killed Robin
  1074 | D:2      | Reached skill level 3 in Maces & Flails
  1340 | D:2      | Noticed Jessica
  1346 | D:2      | Killed Jessica
  1347 | D:2      | Reached XP level 5. HP: 44/48 MP: 5/5
  2089 | D:3      | Identified the +6 spear "Pavori" {venom, Str+7}
  2523 | D:4      | Identified the +9 sling of Iconoclasm {antimagic, +Blink}
  2579 | D:4      | Reached XP level 6. HP: 38/54 MP: 1/6
  2642 | D:4      | Got the Atlas of Gathered Cold
  3135 | D:5      | Entered Level 5 of the Dungeon
  3145 | D:5      | Reached skill level 4 in Maces & Flails
  3147 | D:5      | Reached skill level 1 in Polearms
  3147 | D:5      | Reached skill level 1 in Spellcasting
  3188 | D:5      | Found a staircase to the Ecumenical Temple.
  3204 | D:5      | Reached skill level 5 in Armour
  3266 | D:5      | Reached XP level 7. HP: 62/62 MP: 8/8
  3299 | D:5      | Reached skill level 1 in Dodging
  3596 | D:5      | Noticed Prince Ribbit
  3611 | D:5      | HP: 3/63 [Prince Ribbit (13)]
  3613 | D:5      | Killed Prince Ribbit
  3614 | D:5      | Reached skill level 5 in Shields
  3752 | D:5      | Reached XP level 8. HP: 64/70 MP: 10/10
  3792 | D:5      | Learned a level 2 spell: Passwall
  3880 | D:5      | Reached skill level 5 in Maces & Flails
  4910 | Temple   | Entered the Ecumenical Temple
  5062 | Temple   | Became a worshipper of Gozag Ym Sagoz the Greedy
  5310 | D:6      | Found an ornate altar of the Wu Jian Council.
  5719 | D:6      | Reached skill level 6 in Maces & Flails
  5793 | D:6      | Reached XP level 9. HP: 78/78 MP: 12/12
  6379 | D:7      | Reached skill level 5 in Fighting
  6957 | D:7      | Reached skill level 7 in Maces & Flails
  7028 | D:7      | Noticed Dowan
  7045 | D:7      | Noticed Duvessa
  7059 | D:7      | Killed Duvessa
  7063 | D:7      | Killed Dowan
  7195 | D:7      | Reached XP level 10. HP: 88/88 MP: 13/13
  7256 | D:7      | Found a white marble altar of Elyvilon.
  7455 | D:8      | Noticed Pikel
  7521 | D:8      | Noticed Psyche
  7534 | D:8      | Killed Psyche
  7713 | D:8      | Noticed Maggie
  7739 | D:8      | Killed Maggie
  7804 | D:8      | Reached skill level 8 in Maces & Flails
  8122 | D:8      | Found a blossoming altar of Fedhas.
  8130 | D:8      | Found an iron altar of Okawaru.
  8493 | D:8      | Noticed a manticore
  8500 | D:8      | Killed a manticore
  8619 | D:8      | Killed Pikel
  8703 | D:8      | Noticed Erica
  8717 | D:8      | Killed Erica
  8962 | D:9      | Reached XP level 11. HP: 57/97 MP: 14/14
  9047 | D:7      | Bought a slimy hat for 261 gold pieces
  9047 | D:7      | Identified the +1 hat "Dioj" {Drain rN+ Int+6 Stlth-} (You
                  | bought it in a shop on level 7 of the Dungeon)
  9321 | D:9      | Reached skill level 9 in Maces & Flails
  9687 | D:7      | Bought a pair of steaming gloves for 275 gold pieces
  9687 | D:7      | Identified the +2 pair of gloves of Polish {*Slow rPois
                  | Int+2} (You bought it in a shop on level 7 of the Dungeon)
 10303 | D:10     | Entered Level 10 of the Dungeon
 10492 | D:10     | Noticed a two-headed ogre
 10549 | D:10     | Killed a two-headed ogre
 10656 | D:10     | You fall into a shaft and drop 3 floors!
 10764 | D:13     | Reached skill level 5 in Dodging
 11186 | D:13     | Noticed a six-headed hydra
 11202 | D:13     | Killed a six-headed hydra
 11203 | D:13     | Reached skill level 10 in Maces & Flails
 11204 | D:13     | HP: 2/98 [troll (9)]
 11217 | D:13     | Found a gate to the Vaults.
 11217 | D:13     | Noticed a vault guard
 11237 | D:13     | Killed a vault guard
 11642 | D:13     | Noticed a skeletal warrior
 11665 | D:13     | Killed a skeletal warrior
 11666 | D:13     | Reached skill level 10 in Armour
 11757 | D:13     | Noticed a skeletal warrior
 11762 | D:13     | a slime creature changed into a fire dragon
 11762 | D:13     | Noticed a fire dragon
 11763 | D:13     | Noticed a skeletal warrior
 12161 | D:12     | Noticed a green ugly thing
 12171 | D:12     | Killed a green ugly thing
 12172 | D:12     | Reached XP level 12. HP: 108/108 MP: 15/15
 12486 | D:7      | Bought a glowing troll leather armour for 522 gold pieces
 12561 | D:10     | Found a staircase to the Lair.
 12825 | D:10     | Found a shadowy altar of Dithmenos.
 12988 | D:10     | Found a sparkling altar of Nemelex Xobeh.
 12988 | D:10     | Found a transporter.
 12988 | D:10     | Noticed a six-headed hydra
 13009 | D:10     | Killed a six-headed hydra
 13439 | D:11     | Reached skill level 11 in Maces & Flails
 14186 | D:12     | Found a staircase to the Orcish Mines.
 14330 | D:13     | Identified the +5 ring mail of Past Mistakes {rElec rPois}
 14422 | D:13     | Reached skill level 10 in Shields
 15299 | D:13     | Killed a fire dragon
 15804 | Lair:1   | Entered Level 1 of the Lair of Beasts
 16191 | Lair:1   | Noticed Gastronok
 16212 | Lair:1   | Killed Gastronok
 16213 | Lair:1   | Reached skill level 12 in Maces & Flails
 16368 | Lair:1   | Noticed a catoblepas
 16419 | Lair:1   | Killed a catoblepas
 16420 | Lair:1   | Reached XP level 13. HP: 61/117 MP: 16/16
 17992 | Lair:2   | Found a blossoming altar of Fedhas.
 18102 | Lair:2   | Found a hole to the Spider Nest.
 19426 | Lair:3   | Reached skill level 13 in Maces & Flails
 19705 | Lair:3   | Found a staircase to the Shoals.
 19802 | Lair:3   | Found a blossoming altar of Fedhas.
 20429 | Lair:4   | HP: 2/119 [skyshark (9)]
 21267 | Lair:4   | Reached skill level 10 in Fighting
 21553 | Lair:4   | Slain by a seven-headed hydra

Illustrated notes

Levels and vault maps discovered:
D:1:      kilobyte_arrival_exit_the_forest, layout_loops_ring,
          chequers_ecumenical_altar_simple_redux, minmay_stone_trees_small,
          minmay_indecisive_spiral
D:2:      layout_rooms, uniq_jessica, uniq_robin
D:3:      layout_loops_ring, hangedman_glass_garden
D:4:      layout_loops_ring
D:5:      lemuel_castle_with_subvaults [lemuel_castle_interior_original],
          layout_loops_ring, minmay_temple_entry_mist, uniq_prince_ribbit1
D:6:      layout_basic, nicolae_wu_jian_wuxing_cycle, serial_rivers,
          chequers_serial_rivers_micro_e, chequers_serial_rivers_large_b,
          chequers_serial_rivers_large_a, chequers_serial_rivers_micro_d,
          chequers_serial_rivers_room_b, minmay_misc_feat_rows,
          kennysheep_generic_room_15
D:7:      layout_basic, elyvilon_altar_4, uniq_duvessa
D:8:      minmay_distorted_concentric_squares, layout_loops_cross,
          mainiacjoe_overflow_large_starburst, minmay_strange_pillars,
          uniq_pikel, uniq_psyche, uniq_erica, uniq_maggie
D:9:      layout_gridville, grunt_decor_fettered
D:10:     layout_rooms, grunt_nemelex_the_gamble,
          mainiacjoe_overflow_tiny_flanked, lair_entry_dummy,
          serial_bayou_pond_a
D:11:     layout_basic
D:12:     layout_stronghold, erik_orc_2, item_on_display_a
D:13:     layout_roguey, david_vaults_5
Temple:   eino_temple_scatter_basement
Lair:1:   beast_lair_carwin_large_1, layout_cave_pods, uniq_gastronok
Lair:2:   layout_chaotic_city, spider_nest_entry_rubble, lemuel_centaur_altar
Lair:3:   layout_misc_corridors, minmay_shoals_entry_lonely_mermaid,
          hangedman_tree_tricks, kilobyte_rumbling_trees, serial_bayou_shore_b,
          serial_bayou_shore_a, grunt_megastairs_2
Lair:4:   layout_cave_pods, serial_bayou_shore_b, grunt_megastairs_4

Skill      XL: |  1  2  3  4  5  6  7  8  9 10 11 12 13 |
---------------+----------------------------------------+-----
Maces & Flails | 2 3 4 6 7 8 10 12 13 | 13.6
Fighting       | 3 4 5 6 7 8 10 | 10.0
Armour         | 4 5 6 7 8 10 11 12 | 12.9
Shields        | 4 5 6 8 9 10 11 | 11.9
Polearms       | 1 2 3 4 |  4.0
Spellcasting   | 1 2 |  2.0
Dodging        | 1 2 3 4 5 |  5.0

Action                     |  1- 3 |  4- 6 |  7- 9 | 10-12 | 13-15 || total
---------------------------+-------+-------+-------+-------+-------++-------
  Melee: Flail             |    96 |   119 |       |       |       ||   215
         Tailslap          |     3 |    20 |    28 |   118 |   101 ||   270
         Spear             |       |    65 |   380 |   911 |   558 ||  1914
         Unarmed           |       |       |       |    21 |       ||    21
   Fire: Sling             |       |     1 |       |       |       ||     1
 Invoke: Call Merchant     |       |       |       |     1 |       ||     1
         Potion Petition   |       |       |       |     1 |       ||     1
  Evoke: Wand              |       |       |       |    15 |       ||    15
    Use: Scroll            |     2 |     7 |     8 |     7 |     7 ||    31
         Potion            |     1 |       |     1 |    19 |     4 ||    25
   Stab: Distracted        |     1 |       |       |     2 |       ||     3
         Petrified         |       |       |       |     7 |     3 ||    10
         Invisible         |       |       |       |     2 |     1 ||     3
         Fleeing           |       |       |       |       |     1 ||     1
 Armour: Scale mail        |    46 |    82 |    65 |   118 |       ||   311
         Troll leather arm |       |       |       |    68 |       ||    68
         Ring mail         |       |       |       |    66 |   216 ||   282
  Dodge: Dodged            |    35 |    40 |    56 |   167 |   123 ||   421
  Block: Buckler           |    21 |     4 |       |       |       ||    25
         Kite shield       |       |    60 |   153 |   584 |    47 ||   844
         Reflection        |       |       |     1 |     9 |    20 ||    30
         Tower shield      |       |       |       |       |   572 ||   572
